 Dungeon Crawl Stone Soup version 0.29.1-15-g9cfb28693d (webtiles) character file.

Game seed: 4670268370692181494

328 nibben the Covered (level 6, 38/38 HPs)
             Began as a Gargoyle Fighter on Mar 11, 2023.
             Quit the game on level 4 of the Dungeon on Mar 18, 2023.
             The game lasted 00:43:59 (4659 turns).

nibben the Covered (Gargoyle Fighter)               Turns: 4659, Time: 00:44:00

Health: 38/38      AC: 15    Str: 21    XL:     6   Next: 50%
Magic:  6/6        EV:  7    Int:  9    God:
Gold:   157        SH:  4    Dex:  9    Spells: 5/5 levels left

rFire   . . .      SeeInvis .   a - +2 flail
rCold   . . .      Faith    .   c - +0 buckler
rNeg    + . .      Spirit   .   f - +0 chain mail
rPois   ∞          Reflect  .   (no helmet)
rElec   +          Harm     .   m - +0 cloak
rCorr   .          Rampage  .   (no gloves)
Will    .....                   (no boots)
Stlth   ..........              (no amulet)
HPRegen 0.12/turn               e - ring of flight
MPRegen 0.10/turn               (no ring)

@: flying
A: sickness immunity, AC +4, negative energy resistance 1, electricity
resistance, torment resistance 1, petrification resistance
a: no special abilities


You were on level 4 of the Dungeon.
You visited 1 branch of the dungeon, and saw 4 of its levels.
You also visited: Sewer.

You collected 157 gold pieces.

Inventory:

Hand Weapons
 a - a +2 flail (weapon)
 q - a +0 shortbow
 s - a +3 whip of holy wrath
Missiles
 d - 2 javelins
 g - 9 poisoned darts (quivered)
 h - 30 stones
Armour
 b - a +0 scale mail
 c - a +0 buckler (worn)
 f - a +0 chain mail (worn)
 m - a +0 cloak (worn)
Jewellery
 e - a ring of flight (left hand)
 j - a ring of poison resistance
Wands
 k - a wand of light (6)
Scrolls
 o - 2 scrolls of teleportation
Potions
 i - 2 potions of heal wounds
 l - a potion of mutation {unknown}
 n - a potion of magic
 p - a potion of lignification {unknown}


   Skills:
 + Level 4.2 Fighting
 + Level 4.5 Maces & Flails
 + Level 0.7 Throwing
 + Level 4.7 Armour
 + Level 0.5 Dodging
 + Level 0.1 Stealth
 + Level 4.0 Shields


You had 5 spell levels left.
You didn't know any spells.
Your spell library contained the following spells:

 Spells                   Type           Power      Damage    Failure   Level
 Magic Dart               Conj           0%         1d3       99%         1
 Blink                    Tloc           0%         N/A       100%        2
 Call Imp                 Summ           0%         N/A       100%        2
 Dazzling Flash           Conj/Hex       0%         N/A       100%        3
 Lesser Beckoning         Tloc           0%         N/A       100%        3
 Mephitic Cloud           Conj/Pois/Air  0%         N/A       100%        3
 Iskenderun's Mystic Bla  Conj/Tloc      0%         2d3       100%        4
 Manifold Assault         Tloc           0%         N/A       100%        5
 Starburst                Conj/Fire      0%         6d3       100%        6


Dungeon Overview and Level Annotations

Branches:
Dungeon (4/15)              Sewer (visited)
 Temple: D:4-7

Altars:


Innate Abilities, Weirdness & Mutations

You are immune to sickness and miasma.
Your stone body is resilient. (AC +4)
You are immune to poison.
You resist negative energy. (rN+)
You are resistant to electric shocks. (rElec)
You are resistant to unholy torment.
You are immune to petrification.


Message History

g - Guard the area. f - Follow me.
Anything else - Cancel.
Okay, then.
As you read the scroll of enchant weapon, it crumbles to dust.
Your +1 flail glows red for a moment.
As you read the scroll labelled IFUIG EHEKK, it crumbles to dust.
Wisps of shadow whirl around you...
It was a scroll of summoning.
Press: ? - help, v - describe, . - travel
Here: a hobgoblin (summoned, friendly)
The floor.
You swap places.
You swap places.
Your hobgoblin dissolves into shadows!
There is a stone staircase leading down here.
You can't go up here!
You fly downwards.
Found a book of Minor Magic.
Found a stone staircase leading up.
There is a stone staircase leading up here.
Welcome back, nibben the Gargoyle Fighter.
Press ? for a list of commands and other information.
Welcome back, nibben the Gargoyle Fighter.
Press ? for a list of commands and other information.
Welcome back, nibben the Gargoyle Fighter.
Press ? for a list of commands and other information.
Unknown command.
Unknown command.
You are not religious.
You are not religious.
Unknown command.
Unknown command.
Unknown command.
Okay, then.
Unknown command.
A hobgoblin is nearby!
Okay, then.
Unknown command.
Unknown command.
Welcome back, nibben the Gargoyle Fighter.
Press ? for a list of commands and other information.
Are you sure you want to abandon this character and quit the game? (Confirm with "yes".)

# #. #..
##.<.####
........#
.......@#
:.......#
.....#.##
##.. #.
#. #. #
#g #. ##


You could see a hobgoblin.

Vanquished Creatures
  A water moccasin (Sewer)
  Jessica (D:2)
  Robin (D:2)
  4 gnolls (D:2)
  6 adders
  2 dart slugs
  An orc (D:3)
  5 ball pythons
  2 bats
  4 endoplasms
  2 giant cockroaches (D:1)
  17 goblins
  7 hobgoblins
  8 jackals
  6 quokkas
  2 frilled lizards
  3 kobolds
  7 rats
79 creatures vanquished.

Notes
Turn   | Place    | Note
-------+----------+-------------------------------------------
     0 | D:1      | nibben the Gargoyle Fighter began the quest for the Orb.
     0 | D:1      | Reached XP level 1. HP: 14/14 MP: 1/1
   158 | D:1      | Reached XP level 2. HP: 19/19 MP: 2/2
   567 | D:1      | Reached XP level 3. HP: 23/23 MP: 3/3
  1396 | D:2      | Reached XP level 4. HP: 29/29 MP: 4/4
  1530 | D:2      | Noticed Robin
  1633 | D:2      | Killed Robin
  2132 | D:2      | Noticed Jessica
  2141 | D:2      | Killed Jessica
  2142 | D:2      | Reached XP level 5. HP: 33/33 MP: 5/5
  3275 | D:3      | Found a glowing drain.
  3284 | Sewer    | Entered a sewer
  3393 | Sewer    | Noticed a water moccasin
  3433 | Sewer    | Killed a water moccasin
  3434 | Sewer    | Reached XP level 6. HP: 9/38 MP: 6/6
  3989 | D:3      | Found a faded altar of an unknown god.
  4659 | D:4      | Quit the game

Illustrated notes

Levels and vault maps discovered:
D:1:      heliophobic_arrival_henge, layout_rooms, reono_crystal_passage,
          minmay_misc_feat_rugged
D:2:      layout_basic, uniq_robin, uniq_jessica
D:3:      layout_basic, portal_sewer_entry_d,
          shapermc_ecumenical_altar_starsandcircs, st_stairs_7
D:4:      layout_loops_ring, dreamdust_princess_corridor, roderic_batcave,
          uniq_sigmund, uniq_menkaure, uniq_crazy_yiuf_cottage

Skill      XL: |  1  2  3  4  5 |
---------------+----------------+-----
Maces & Flails | 3 4 |  4.5
Fighting       | 4 |  4.2
Armour         | 4 |  4.7
Shields        | 4 |  4.0
Throwing       | |  0.7
Dodging        | |  0.5
Stealth        | |  0.1

Action                   |  1- 3 |  4- 6 || total
-------------------------+-------+-------++-------
Melee: Flail             |   106 |   219 ||   325
Throw: Dart              |       |     2 ||     2
  Use: Scroll            |     4 |     6 ||    10
       Potion            |       |     4 ||     4
Armor: Chain mail        |    53 |   155 ||   208
Dodge: Dodged            |    40 |    84 ||   124
Block: Buckler           |    30 |    54 ||    84
